[Event "42nd Olympiad Baku 2016 Open"]
[Site "Baku"]
[Date "2016.09.04"]
[Round "3.1"]
[White "Joseph, Elton"]
[Black "Klaas Tokelo"]
[Result "1/2-1/2"]
[ECO "D02"]
[WhiteElo "1842"]
[BlackElo "1663"]
[Annotator ""]
[PlyCount "76"]
[EventDate "2016.??.??"]
[EventCountry "AZE"]
[SourceTitle "playchess.com"]
[Source "ChessBase"]
[WhiteTeam "Bahamas"]
[BlackTeam "Lesotho"]
[WhiteTeamCountry "BAH"]
[BlackTeamCountry "LES"]
[TimeControl "40/5400+30:1800+30"]

1. d4 {(00:00)} Nf6 {(00:07)} 2. Nf3 {(00:24)} d5 {
(00:38)} 3. Bf4 {(00:56)} e6 {(02:22)} 4. e3 {(01:
04)} Be7 {(00:13)} 5. h3 {(01:33)} O-O {(00:44)} 6. Bd3 {
(01:03)} Nbd7 {(01:07)} 7. Nbd2 {(01:14)} c5 {(02:
30)} 8. c3 {(00:22)} b6 {(02:47)} 9. g4 {(08:48)} Bb7 {
(05:18)} 10. Ne5 {(10:34)} Nxe5 {(05:40)} 11. dxe5 {
(05:20)} Ne4 {(03:23)} 12. Qc2 {(01:48)} Bh4 {(01:
38)} 13. Nxe4 {(01:15)} dxe4 {(00:40)} 14. Bxe4 {(00:33)}
Bxe4 {(01:29)} 15. Qxe4 {(00:11)} Qe7 {(00:35)} 16. Rd1 {
(01:57)} Rad8 {(07:22)} 17. Ke2 {(01:14)} Qe8 {(09:
25)} 18. b3 {(12:30)} Qb5+ {(02:09)} 19. c4 {(00:19)} Qa6
{(02:57)} 20. Qc2 {(01:31)} Qb7 {(01:16)} 21. f3 {(
01:07)} Be7 {(06:33)} 22. h4 {(04:24)} Rxd1 {(07:15)} 23.
Rxd1 {(00:15)} Rd8 {(02:30)} 24. Bg5 {(04:08)} Bxg5 {
(05:14)} 25. hxg5 {(00:41)} Rxd1 {(01:27)} 26. Qxd1 {
(00:12)} g6 {(02:06)} 27. e4 {(03:43)} b5 {(05:42)}
28. Qd3 {(08:31)} Qa6 {(01:11)} 29. Qc2 {(04:30)} bxc4 {
(03:18)} 30. bxc4 {(00:30)} Qa3 {(00:42)} 31. Qb3 {
(01:06)} Qc1 {(00:05)} 32. Qd3 {(02:56)} Qg1 {(01:
32)} 33. Qe3 {(08:27)} Qb1 {(01:10)} 34. Qb3 {(02:37)} Qc1
{(00:48)} 35. Qb8+ {(00:49)} Kg7 {(00:10)} 36. Qxa7 {
(00:31)} Qxc4+ {(00:08)} 37. Kd2 {(01:42)} Qd4+ {(
00:23)} 38. Ke2 {(00:34)} Qc4+ {(00:09)} 1/2-1/2

[Event "42nd Olympiad Baku 2016 Open"]
[Site "Baku"]
[Date "2016.09.04"]
[Round "3.10"]
[White "Juarez Flores, Carlos A"]
[Black "Pinal Borges, Nelson"]
[Result "1-0"]
[ECO "B32"]
[WhiteElo "2392"]
[BlackElo "2320"]
[Annotator ""]
[PlyCount "103"]
[EventDate "2016.??.??"]
[EventCountry "AZE"]
[SourceTitle "playchess.com"]
[Source "ChessBase"]
[WhiteTeam "Guatemala"]
[BlackTeam "Dominican Republic"]
[WhiteTeamCountry "GUA"]
[BlackTeamCountry "DOM"]
[TimeControl "40/5400+30:1800+30"]

1. e4 {(00:00)} c5 {(00:03)} 2. Nf3 {(00:00)} Nc6 {
(00:20)} 3. d4 {(00:02)} cxd4 {(00:12)} 4. Nxd4 {(
00:03)} Qb6 {(00:36)} 5. Nb3 {(00:18)} Nf6 {(00:30)} 6.
Nc3 {(00:33)} e6 {(00:45)} 7. Bd3 {(00:45)} d6 {(
02:16)} 8. O-O {(00:28)} Be7 {(00:02)} 9. Be3 {(00:56)}
Qc7 {(00:02)} 10. a4 {(00:46)} O-O {(03:18)} 11. a5 {
(00:26)} e5 {(13:32)} 12. a6 {(15:39)} bxa6 {(12:
38)} 13. Bxa6 {(01:57)} Be6 {(06:38)} 14. Be2 {(04:14)}
Qb7 {(06:23)} 15. Ba6 {(08:41)} Qc7 {(01:06)} 16. Ra4 {
(05:55)} Rfb8 {(10:52)} 17. Bb5 {(11:55)} a5 {(09:
03)} 18. Bxc6 {(08:48)} Qxc6 {(00:25)} 19. Nxa5 {(00:03)}
Qc7 {(02:09)} 20. Qa1 {(00:06)} Bd7 {(02:14)} 21. Ra2 {
(01:07)} Be6 {(04:00)} 22. Nb3 {(01:27)} Rxa2 {(00:
33)} 23. Qxa2 {(00:03)} Qb7 {(03:45)} 24. Bg5 {(02:40)}
Nxe4 {(08:16)} 25. Nxe4 {(00:09)} Qxe4 {(00:23)} 26. Bxe7
{(00:10)} Qxc2 {(01:14)} 27. Bxd6 {(03:41)} Bxb3 {(
00:53)} 28. Qa5 {(01:29)} Re8 {(04:47)} 29. Bxe5 {(01:04)}
f6 {(00:33)} 30. Bc3 {(01:07)} h6 {(03:34)} 31. Qh5 {
(02:50)} Qe4 {(01:59)} 32. h3 {(01:26)} Bf7 {(01:
28)} 33. Qg4 {(00:22)} Qc6 {(00:07)} 34. Rd1 {(01:17)} Kh7
{(01:27)} 35. Qd7 {(06:30)} Qxd7 {(00:48)} 36. Rxd7 {
(00:03)} Kg6 {(00:03)} 37. b4 {(00:59)} Rc8 {(00:
06)} 38. Bd4 {(00:21)} Rc1+ {(00:37)} 39. Kh2 {(00:02)}
Be8 {(00:37)} 40. Rb7 {(00:00)} Rd1 {(00:00)} 41. Bc5 {
(02:18)} Bd7 {(03:02)} 42. Kg3 {(10:56)} Kf5 {(02:
22)} 43. Bf8 {(04:34)} Rd3+ {(00:06)} 44. f3 {(01:13)} Kg6
{(00:09)} 45. b5 {(00:56)} Kf7 {(00:18)} 46. Bc5 {(
00:37)} Ke8 {(08:39)} 47. b6 {(00:57)} Rb3 {(00:25)} 48.
Rb8+ {(00:24)} Kf7 {(00:04)} 49. Rb7 {(03:44)} Ke8 {
(01:34)} 50. Ra7 {(04:17)} Kd8 {(05:28)} 51. Bd6 {(
01:49)} Kc8 {(01:28)} 52. b7+ {(00:13)} 1-0

[Event "42nd Olympiad Baku 2016 Open"]
[Site "Baku"]
[Date "2016.09.04"]
[Round "3.12"]
[White "Juarez Flores, Gustavo E"]
[Black "Abreu Jean, Carlos Paul"]
[Result "0-1"]
[ECO "B42"]
[WhiteElo "2114"]
[BlackElo "2326"]
[Annotator ""]
[PlyCount "76"]
[EventDate "2016.??.??"]
[EventCountry "AZE"]
[SourceTitle "playchess.com"]
[Source "ChessBase"]
[WhiteTeam "Guatemala"]
[BlackTeam "Dominican Republic"]
[WhiteTeamCountry "GUA"]
[BlackTeamCountry "DOM"]
[TimeControl "40/5400+30:1800+30"]

1. e4 {(00:00)} c5 {(00:00)} 2. Nf3 {(00:00)} e6 {(
00:00)} 3. d4 {(00:00)} cxd4 {(00:07)} 4. Nxd4 {(00:06)}
a6 {(00:10)} 5. Bd3 {(00:43)} Qb6 {(00:21)} 6. Nb3 {
(01:49)} Qc7 {(00:13)} 7. O-O {(01:41)} Nf6 {(01:
20)} 8. c4 {(07:13)} b6 {(02:53)} 9. Qe2 {(00:55)} d6 {
(12:36)} 10. f4 {(04:42)} Nc6 {(00:29)} 11. Nc3 {(
06:51)} Be7 {(00:54)} 12. Be3 {(03:45)} O-O {(07:04)} 13.
Rac1 {(00:45)} Qb8 {(02:29)} 14. h3 {(03:40)} Re8 {
(04:12)} 15. Qf3 {(10:17)} Nd7 {(15:19)} 16. e5 {(
09:26)} Bb7 {(02:50)} 17. Be4 {(11:25)} Rc8 {(11:33)} 18.
exd6 {(14:25)} Bxd6 {(00:58)} 19. Qd1 {(04:14)} Nf6 {
(04:46)} 20. Bb1 {(02:01)} Ne7 {(03:47)} 21. Na4 {(
02:23)} Rd8 {(02:02)} 22. Qe2 {(02:18)} b5 {(01:04)} 23.
Nb6 {(03:11)} bxc4 {(03:08)} 24. Rxc4 {(01:23)} Ned5 {
(07:09)} 25. Nxa8 {(01:41)} Nxe3 {(00:47)} 26. Qxe3 {
(00:14)} Qxa8 {(00:09)} 27. Rf2 {(01:55)} Bb8 {(01:
41)} 28. Rd2 {(00:52)} Bd5 {(03:30)} 29. Qd3 {(01:35)}
Ba7+ {(02:24)} 30. Nc5 {(01:09)} Rd7 {(02:33)} 31. Rf2 {
(01:08)} Rc7 {(01:47)} 32. b4 {(00:09)} Bxc4 {(02:
06)} 33. Qxc4 {(00:03)} a5 {(00:14)} 34. a3 {(00:15)} axb4
{(00:35)} 35. axb4 {(00:01)} Qd5 {(01:02)} 36. Qd3 {
(03:05)} Qxd3 {(00:33)} 37. Bxd3 {(00:04)} Nd5 {(
00:23)} 38. Be4 {(03:04)} Nxb4 {(00:23)} 0-1

[Event "42nd Olympiad Baku 2016 Open"]
[Site "Baku"]
[Date "2016.09.04"]
[Round "3.25"]
[White "Kayonde, Andrew"]
[Black "Meshkov, Yuri A"]
[Result "0-1"]
[ECO "A53"]
[WhiteElo "2422"]
[BlackElo "2354"]
[Annotator ""]
[PlyCount "94"]
[EventDate "2016.??.??"]
[EventCountry "AZE"]
[SourceTitle "playchess.com"]
[Source "ChessBase"]
[WhiteTeam "ZAM"]
[BlackTeam "IBCA"]
[WhiteTeamCountry "ZAM"]
[BlackTeamCountry "RUS"]
[TimeControl "40/5400+30:1800+30"]

1. d4 {(00:28)} Nf6 {(00:00)} 2. c4 {(00:15)} d6 {(
00:00)} 3. Nc3 {(00:27)} e5 {(00:00)} 4. dxe5 {(00:19)}
dxe5 {(00:00)} 5. Qxd8+ {(00:14)} Kxd8 {(06:36)} 6. Nf3 {
(00:11)} Nfd7 {(04:48)} 7. g4 {(02:09)} f6 {(02:33]
} 8. g5 {(00:31)} c6 {(00:03)} 9. gxf6 {(00:34)} gxf6 {
(01:40)} 10. Rg1 {(00:17)} Nc5 {(07:40)} 11. Be3 {(
04:58)} Be6 {(05:30)} 12. O-O-O+ {(17:01)} Nbd7 13. Bxc5 {
(18:41)} Bxc5 14. Ne4 Be7 {(03:35)} 15. Rg3 {(06:43)} Kc7
{(13:28)} 16. Bh3 {(00:11)} Bxh3 {(14:03)} 17. Rxh3 {
(00:06)} Nc5 {(00:11)} 18. Nxc5 {(04:49)} Bxc5 {(
01:32)} 19. e3 {(00:06)} Rag8 {(10:57)} 20. Rg3 {(00:32)}
e4 21. Nd2 {(15:18)} f5 {(01:32)} 22. Rdg1 {(00:28)} Rg6 {
(00:10)} 23. Rxg6 {(10:08)} hxg6 {(02:26)} 24. Nf1 {
(00:07)} Rh6 {(01:49)} 25. Kd2 Kd6 {(02:37)} 26. Ke2 {
(01:02)} Ke6 {(00:28)} 27. f3 {(03:07)} exf3+ {(00:
14)} 28. Kxf3 {(00:06)} Kf6 {(01:06)} 29. Rg2 {(00:58)}
Rh4 {(04:07)} 30. b3 {(02:02)} Bd6 {(00:27)} 31. Rd2 {
(02:16)} Ke6 32. Rg2 {(01:58)} Rh3+ {(00:38)} 33. Ng3 {
(02:11)} a5 {(12:48)} 34. Re2 {(02:10)} g5 35. Kg2 {
(01:32)} g4 {(01:35)} 36. Rd2 {(01:24)} Rh7 {(03:
40)} 37. Rd1 {(01:19)} Bxg3 {(00:18)} 38. hxg3 {(00:13)}
Rd7 39. Rxd7 {(00:36)} Kxd7 40. Kf2 Kd6 {(01:23)} 41. Ke2 {
(30:37)} Kc5 {(30:56)} 42. Kd3 {(00:00)} Kb4 {(00:
00)} 43. Kc2 {(00:00)} Ka3 {(00:00)} 44. Kb1 {(00:00)} c5
45. Ka1 {(00:00)} a4 {(00:00)} 46. bxa4 {(00:00)} Kxa4 {
(00:00)} 47. Kb2 {(00:00)} Kb4 0-1

[Event "42nd Olympiad Baku 2016 Open"]
[Site "Baku"]
[Date "2016.09.04"]
[Round "3.2"]
[White "Khalema, Sechaba"]
[Black "Cox, Valentine"]
[Result "1/2-1/2"]
[ECO "D70"]
[WhiteElo "1754"]
[BlackElo "1867"]
[Annotator ""]
[PlyCount "103"]
[EventDate "2016.??.??"]
[EventCountry "AZE"]
[SourceTitle "playchess.com"]
[Source "ChessBase"]
[WhiteTeam "Lesotho"]
[BlackTeam "Bahamas"]
[WhiteTeamCountry "LES"]
[BlackTeamCountry "BAH"]
[TimeControl "40/5400+30:1800+30"]

1. d4 {(04:25)} Nf6 {(00:03)} 2. c4 {(01:21)} g6 {(
00:08)} 3. Nf3 {(05:06)} Bg7 {(00:10)} 4. e3 {(03:17)} O-O
{(02:42)} 5. Be2 {(01:44)} d6 {(03:46)} 6. O-O {(
06:06)} Nc6 {(02:09)} 7. b3 {(02:10)} a5 {(03:38)} 8. Bb2
{(04:34)} Bd7 {(07:55)} 9. Nc3 {(02:38)} Re8 {(04:
18)} 10. Ne1 {(08:16)} e5 {(02:08)} 11. d5 {(04:05)} Nb4 {
(00:49)} 12. a3 {(03:11)} Na6 {(00:14)} 13. Nc2 {(
01:01)} Bf5 {(05:21)} 14. Rc1 {(04:59)} Nc5 {(03:09)} 15.
Ne1 {(00:21)} Nfe4 {(03:15)} 16. Nxe4 {(05:35)} Nxe4 {
(06:27)} 17. Bd3 {(00:39)} Qc8 {(08:47)} 18. Bxe4 {
(00:31)} Bxe4 {(00:04)} 19. f3 {(01:35)} Bf5 {(00:
16)} 20. e4 {(02:19)} Bd7 {(00:19)} 21. a4 {(02:35)} b6 {
(01:18)} 22. Qd2 {(04:22)} Qd8 {(01:13)} 23. Nc2 {(
00:22)} Qh4 {(01:42)} 24. Qf2 {(04:16)} Qh5 {(09:44)} 25.
Na3 {(00:47)} f5 {(00:34)} 26. Nb5 {(01:30)} Rac8 {
(01:49)} 27. Bc3 {(01:35)} fxe4 {(00:53)} 28. fxe4 {
(00:19)} Rf8 {(00:36)} 29. Qc2 {(00:18)} Bh6 {(08:
46)} 30. Rxf8+ {(03:04)} Rxf8 {(01:41)} 31. Re1 {(00:13)}
Rf7 {(04:18)} 32. Bd2 {(01:45)} Bg4 {(03:05)} 33. h3 {
(05:49)} Bc8 {(00:39)} 34. Bxh6 {(00:34)} Qxh6 {(
00:07)} 35. Qe2 {(00:22)} Qf4 {(02:48)} 36. Rf1 {(00:21)}
Qg5 {(02:39)} 37. Rxf7 {(01:23)} Kxf7 {(00:08)} 38. Qf3+ {
(00:31)} Ke7 {(01:58)} 39. Nxc7 {(00:26)} Qc1+ {(
07:50)} 40. Kh2 {(00:00)} Qf4+ {(00:00)} 41. Qxf4 {(03:05]
} exf4 {(00:56)} 42. Nb5 {(00:11)} Bd7 {(01:12)} 43. Nd4 {
(08:11)} Kf6 {(00:57)} 44. Nf3 {(00:09)} g5 {(01:
35)} 45. g4 {(10:53)} fxg3+ {(00:38)} 46. Kxg3 {(00:09)}
h5 {(00:10)} 47. h4 {(00:46)} gxh4+ {(01:47)} 48. Kxh4 {
(07:52)} Bg4 {(00:13)} 49. Nd2 {(11:03)} Ke5 {(00:
25)} 50. c5 {(00:21)} dxc5 {(06:18)} 51. Nc4+ {(00:24)}
Kxe4 {(00:12)} 52. d6 1/2-1/2

[Event "42nd Olympiad Baku 2016 Open"]
[Site "Baku"]
[Date "2016.09.04"]
[Round "3.26"]
[White "Khan, Taffin"]
[Black "Manoj Kumar, Paramesweran"]
[Result "1/2-1/2"]
[ECO "D03"]
[WhiteElo "1877"]
[BlackElo "2260"]
[Annotator ""]
[PlyCount "115"]
[EventDate "2016.??.??"]
[EventCountry "AZE"]
[SourceTitle "playchess.com"]
[Source "ChessBase"]
[WhiteTeam "GUY"]
[BlackTeam "FIJ"]
[WhiteTeamCountry "GUY"]
[BlackTeamCountry "IND"]
[TimeControl "40/5400+30:1800+30"]

1. d4 {(00:00)} d5 {(00:00)} 2. Nf3 {(00:00)} c6 {(
00:10)} 3. c3 {(00:00)} Nf6 {(00:13)} 4. Bg5 {(00:14)} Ne4
{(02:12)} 5. Bf4 {(00:18)} Nd7 {(01:27)} 6. Nbd2 {(
00:14)} Ndf6 {(00:11)} 7. h3 {(00:19)} Qb6 {(09:22)} 8.
Qb3 {(00:15)} Nxd2 {(01:46)} 9. Nxd2 {(00:21)} Bf5 {
(00:15)} 10. g4 {(00:55)} Bg6 {(02:44)} 11. Bg2 {(
00:31)} e6 {(00:44)} 12. Qxb6 {(02:46)} axb6 {(00:11)} 13.
f3 {(00:03)} b5 {(13:55)} 14. Kf2 {(00:26)} Be7 {(
15:33)} 15. e4 {(04:26)} O-O {(00:52)} 16. a3 {(00:53)}
Nd7 {(16:20)} 17. Kg3 {(01:08)} Nb6 {(20:21)} 18. Bc7 {
(01:11)} Nc4 {(00:33)} 19. Nxc4 {(00:11)} bxc4 {(
00:05)} 20. h4 {(00:27)} h5 {(01:57)} 21. g5 {(02:04)}
Rfc8 {(03:40)} 22. Bf4 {(00:15)} Ra5 {(02:57)} 23. Rhe1 {
(00:37)} Rb5 {(01:20)} 24. Re2 {(01:41)} Bf8 {(00:
31)} 25. Kf2 {(01:50)} Ra5 {(00:19)} 26. Ke3 {(00:23)} b5
{(00:13)} 27. Rc1 {(00:42)} Ra7 {(01:30)} 28. Rec2 {
(00:48)} Re8 {(00:55)} 29. Rd2 {(00:37)} Raa8 {(01:
45)} 30. Be5 {(00:41)} Rad8 {(00:28)} 31. Bh3 {(02:28)}
Bd6 {(00:29)} 32. Bxd6 {(00:16)} Rxd6 {(00:01)} 33. e5 {
(03:11)} Rdd8 {(00:57)} 34. Rg1 {(00:14)} Bd3 {(00:
24)} 35. Rdg2 {(00:12)} g6 {(00:23)} 36. Rd2 {(02:30)} Rc8
{(00:16)} 37. Bf1 {(00:28)} Bf5 {(00:18)} 38. Be2 {
(01:06)} Ra8 {(01:18)} 39. Ra1 {(00:28)} Rec8 {(00:
15)} 40. Bd1 {(00:00)} Kf8 {(00:00)} 41. Bc2 {(06:11)}
Bxc2 {(00:58)} 42. Rxc2 {(00:09)} Ke7 {(00:29)} 43. Rd1 {
(00:29)} Kd7 {(00:20)} 44. f4 {(00:15)} Kc7 {(00:
48)} 45. Rdd2 {(00:22)} Kb6 {(00:20)} 46. Ke2 {(00:18)}
Ka5 {(00:40)} 47. Rc1 {(00:47)} Ka4 {(00:10)} 48. Ke3 {
(00:38)} Kb3 {(00:07)} 49. Rh2 {(00:21)} Ka4 {(01:
55)} 50. Rd2 {(00:14)} Ka5 {(00:29)} 51. Rh2 {(00:17)} Kb6
{(00:53)} 52. Rd2 {(00:15)} c5 {(01:24)} 53. dxc5+ {
(02:09)} Kxc5 {(00:19)} 54. Rd4 {(00:11)} Rc7 {(02:
53)} 55. Rd2 {(00:36)} Rd7 {(00:20)} 56. Rd4 {(00:15)}
Rad8 {(01:10)} 57. Ra1 {(00:31)} Ra8 {(01:12)} 58. Rad1 {
(00:25)} 1/2-1/2

[Event "42nd Olympiad Baku 2016 Open"]
[Site "Baku"]
[Date "2016.09.04"]
[Round "3.7"]
[White "Khusenkhojaev, Mustafokhuja"]
[Black "Fernandez Lopez, Joan"]
[Result "1-0"]
[ECO "D19"]
[WhiteElo "2212"]
[BlackElo "2142"]
[Annotator ""]
[PlyCount "63"]
[EventDate "2016.??.??"]
[EventCountry "AZE"]
[SourceTitle "playchess.com"]
[Source "ChessBase"]
[WhiteTeam "Tajikistan"]
[BlackTeam "Andorra"]
[WhiteTeamCountry "TJK"]
[BlackTeamCountry "AND"]
[TimeControl "40/5400+30:1800+30"]

1. d4 {(00:00)} d5 {(00:00)} 2. c4 {(00:00)} c6 {(
00:08)} 3. Nf3 {(00:00)} Nf6 {(00:45)} 4. Nc3 {(00:24)}
dxc4 {(00:42)} 5. a4 {(00:16)} Bf5 {(00:51)} 6. e3 {
(00:21)} e6 {(01:13)} 7. Bxc4 {(00:11)} Bb4 {(00:
56)} 8. O-O {(00:18)} O-O {(01:40)} 9. Qe2 {(00:28)} Nbd7
{(02:39)} 10. e4 {(05:14)} Bg6 {(01:14)} 11. Bg5 {(
03:44)} Bxc3 {(09:01)} 12. bxc3 {(02:14)} Bxe4 {(06:19)}
13. Ne5 {(00:13)} Qa5 {(10:15)} 14. Nxd7 {(11:36)} Nxd7 {
(00:43)} 15. Be7 {(00:08)} Rfe8 {(00:53)} 16. Bb4 {
(00:07)} Qf5 {(00:41)} 17. Rfe1 {(00:58)} Bc2 {(13:
49)} 18. a5 {(25:33)} Qg6 {(06:12)} 19. d5 {(07:13)} Bf5 {
(18:21)} 20. a6 {(01:19)} c5 {(11:35)} 21. axb7 {(
00:56)} Rab8 {(00:01)} 22. Ba5 {(17:28)} Rxb7 {(00:12)}
23. Ba6 {(00:09)} Rb3 {(02:36)} 24. Bb5 {(01:24)} Bh3 {
(06:22)} 25. g3 {(00:32)} Qf5 {(00:03)} 26. Bc6 {(
02:27)} Reb8 {(02:13)} 27. dxe6 {(02:02)} Nf6 {(02:19)}
28. e7 {(00:16)} Ne8 {(00:59)} 29. Bxe8 {(00:16)} Rxe8 {
(00:04)} 30. Rad1 {(00:59)} Rbb8 {(01:41)} 31. Rd8 {
(00:09)} Rc8 {(00:07)} 32. Qb5 {(00:17)} 1-0

[Event "42nd Olympiad Baku 2016 Open"]
[Site "Baku"]
[Date "2016.09.04"]
[Round "3.6"]
[White "Kim, Inguh"]
[Black "Gonzalez Acosta, Bernal"]
[Result "0-1"]
[ECO "B35"]
[WhiteElo "1918"]
[BlackElo "2481"]
[Annotator ""]
[PlyCount "46"]
[EventDate "2016.??.??"]
[EventCountry "AZE"]
[SourceTitle "playchess.com"]
[Source "ChessBase"]
[WhiteTeam "Korea"]
[BlackTeam "Costa Rica"]
[WhiteTeamCountry "KOR"]
[BlackTeamCountry "CRI"]
[TimeControl "40/5400+30:1800+30"]

1. e4 {(00:00)} c5 {(00:00)} 2. Nf3 {(00:03)} Nc6 {
(00:00)} 3. d4 {(00:06)} cxd4 {(00:00)} 4. Nxd4 {(
00:05)} g6 {(00:00)} 5. Nc3 {(00:42)} Bg7 {(00:00)} 6. Be3
{(00:06)} Nf6 {(00:00)} 7. Bc4 {(00:29)} O-O {(00:
03)} 8. Bb3 {(00:20)} a5 {(02:04)} 9. O-O {(01:04)} a4 {
(00:02)} 10. Nxa4 {(01:14)} Nxe4 {(00:04)} 11. Nb5 {
(00:42)} d5 {(00:04)} 12. Bb6 {(07:12)} Qd7 {(01:
38)} 13. Nc7 {(04:42)} Rxa4 {(01:40)} 14. Bxa4 {(00:03)}
Bxb2 {(01:03)} 15. Qxd5 {(01:43)} Bxa1 {(20:07)} 16. Qxe4
{(01:52)} Bg7 {(03:29)} 17. Re1 {(03:26)} Qd2 {(09:
47)} 18. Nd5 {(04:55)} e6 {(04:37)} 19. Bxc6 {(06:21)}
exd5 {(00:08)} 20. Bxd5 {(00:17)} Bf5 {(00:56)} 21. Re2 {
(01:50)} Qc1+ {(00:44)} 22. Re1 {(00:11)} Bxe4 {(
00:18)} 23. Rxc1 {(00:10)} Bxd5 {(00:05)} 0-1

[Event "42nd Olympiad Baku 2016 Open"]
[Site "Baku"]
[Date "2016.09.04"]
[Round "3.32"]
[White "Klaasen, Calvin Jong"]
[Black "Maung, Maung Kyaw Zaw Hein"]
[Result "1/2-1/2"]
[ECO "B12"]
[WhiteElo "2177"]
[BlackElo "2031"]
[Annotator ""]
[PlyCount "87"]
[EventDate "2016.??.??"]
[EventCountry "AZE"]
[SourceTitle "playchess.com"]
[Source "ChessBase"]
[WhiteTeam "South Africa"]
[BlackTeam "Myanmar"]
[WhiteTeamCountry "RSA"]
[BlackTeamCountry "MYA"]
[TimeControl "40/5400+30:1800+30"]

1. e4 {(00:00)} c6 {(00:00)} 2. d4 {(00:00)} d5 {(
00:00)} 3. e5 {(00:57)} c5 {(00:22)} 4. dxc5 {(01:20)} Nc6
{(00:47)} 5. Nf3 {(00:11)} e6 {(00:29)} 6. a3 {(00:
09)} Bxc5 {(00:57)} 7. b4 {(00:04)} Bb6 {(00:41)} 8. Bb2 {
(00:09)} Nge7 {(01:13)} 9. Bd3 {(00:08)} Ng6 {(02:
30)} 10. O-O {(04:06)} Nf4 {(04:18)} 11. Re1 {(03:53)}
Nxd3 {(01:02)} 12. Qxd3 {(00:10)} Bd7 {(01:30)} 13. Nbd2 {
(00:19)} Rc8 {(21:44)} 14. c4 {(16:06)} O-O {(07:
53)} 15. Rad1 {(12:30)} Ne7 {(01:19)} 16. c5 {(00:16)} Bc7
{(00:14)} 17. Nd4 {(00:42)} Ng6 {(01:36)} 18. N2f3 {
(18:28)} Qe7 {(05:48)} 19. Rd2 {(02:28)} f5 {(08:
10)} 20. Rc2 {(11:14)} Bb8 {(01:49)} 21. Qe3 {(04:29)} f4
{(01:54)} 22. Qe2 {(00:20)} a6 {(02:21)} 23. Rec1 {
(01:51)} Qe8 {(05:33)} 24. c6 {(05:27)} bxc6 {(01:
48)} 25. Nb3 {(00:14)} c5 {(01:53)} 26. Nxc5 {(01:50)} Bb5
{(00:33)} 27. Qd1 {(04:29)} Ba7 {(03:33)} 28. Qe1 {
(00:44)} Bc4 {(03:26)} 29. Bd4 {(00:37)} Bxc5 {(01:
31)} 30. Bxc5 {(00:42)} Rf5 {(00:44)} 31. Bd6 {(02:00)} h6
{(03:22)} 32. Rc3 {(03:24)} Kh7 {(04:32)} 33. Qd1 {
(01:10)} Nh8 {(03:45)} 34. Nd2 {(04:36)} Nf7 {(01:
53)} 35. Nxc4 {(00:14)} dxc4 {(00:08)} 36. Rxc4 {(01:49)}
Rxc4 {(00:17)} 37. Rxc4 {(00:01)} Nxe5 {(01:42)} 38. Bxe5
{(01:09)} Rxe5 {(00:05)} 39. h3 {(00:23)} Rf5 {(02:
08)} 40. Qd3 {(00:00)} Qg6 {(00:00)} 41. Rc6 {(11:55)} a5
{(06:51)} 42. b5 {(10:59)} Rd5 {(05:19)} 43. Qxg6+ {
(02:28)} Kxg6 {(00:06)} 44. b6 {(05:05)} 1/2-1/2

[Event "42nd Olympiad Baku 2016 Open"]
[Site "Baku"]
[Date "2016.09.04"]
[Round "3.3"]
[White "Klasan, Vladimir"]
[Black "Alkhaldi, Bader"]
[Result "1-0"]
[ECO "B52"]
[WhiteElo "2401"]
[BlackElo "1956"]
[Annotator ""]
[PlyCount "57"]
[EventDate "2016.??.??"]
[EventCountry "AZE"]
[SourceTitle "playchess.com"]
[Source "ChessBase"]
[WhiteTeam "ICCD"]
[BlackTeam "KUW"]
[WhiteTeamCountry "SRB"]
[BlackTeamCountry "KUW"]
[TimeControl "40/5400+30:1800+30"]

1. e4 {(00:00)} c5 {(00:00)} 2. Nf3 {(00:00)} d6 {(
00:00)} 3. Bb5+ {(01:17)} Bd7 {(03:06)} 4. Bxd7+ {(00:14)}
Qxd7 {(00:35)} 5. c4 {(00:33)} g6 {(01:03)} 6. Nc3 {
(01:36)} Bg7 {(00:28)} 7. d4 {(01:25)} cxd4 {(00:
55)} 8. Nxd4 {(00:09)} Nc6 {(00:41)} 9. Nde2 {(02:46)} Nf6
{(01:41)} 10. f3 {(00:50)} O-O {(06:25)} 11. O-O {(
00:09)} a6 {(26:01)} 12. a4 {(02:24)} Qc7 {(01:06)} 13.
Be3 {(03:23)} Rac8 {(02:03)} 14. b3 {(02:38)} Qa5 {
(02:56)} 15. Qd2 {(02:15)} Nd7 {(09:38)} 16. Rab1 {
(00:14)} Nf6 {(08:06)} 17. Rfd1 {(10:24)} Rfe8 {(
00:32)} 18. Nd5 {(22:46)} Qxd2 {(05:11)} 19. Rxd2 {(00:05]
} Nxd5 {(00:25)} 20. exd5 {(00:30)} Nb8 {(01:15)} 21. a5 {
(03:08)} Nd7 {(00:42)} 22. Rc2 {(03:24)} e6 {(06:
28)} 23. dxe6 {(06:18)} Rxe6 {(00:46)} 24. Bf2 {(01:44)}
Bh6 {(06:19)} 25. Rd1 {(04:48)} Be3 {(02:53)} 26. Bxe3 {
(06:04)} Rxe3 {(00:06)} 27. Nc3 {(01:53)} Nc5 {(04:
16)} 28. b4 {(02:29)} Ne6 {(01:03)} 29. Nd5 1-0

[Event "42nd Olympiad Baku 2016 Open"]
[Site "Baku"]
[Date "2016.09.04"]
[Round "3.11"]
[White "Kreisl, Robert"]
[Black "Lorne, Malaku"]
[Result "1-0"]
[ECO "A06"]
[WhiteElo "2448"]
[BlackElo "2161"]
[Annotator ""]
[PlyCount "47"]
[EventDate "2016.??.??"]
[EventCountry "AZE"]
[SourceTitle "playchess.com"]
[Source "ChessBase"]
[WhiteTeam "Austria"]
[BlackTeam "Jamaica"]
[WhiteTeamCountry "AUT"]
[BlackTeamCountry "JAM"]
[TimeControl "40/5400+30:1800+30"]

1. Nf3 {(00:00)} d5 {(00:06)} 2. g3 {(00:00)} Nf6 {
(00:33)} 3. Bg2 {(00:00)} Bf5 {(05:13)} 4. O-O {(
00:00)} e6 {(00:23)} 5. d3 {(00:39)} h6 {(00:40)} 6. c4 {
(00:34)} c6 {(00:35)} 7. cxd5 {(02:28)} exd5 {(01:
16)} 8. Nc3 {(04:14)} Be7 {(01:19)} 9. Nd4 {(07:41)} Bg6 {
(03:30)} 10. e4 {(02:18)} dxe4 {(10:12)} 11. dxe4 {
(01:35)} Nbd7 {(31:29)} 12. Be3 {(07:37)} Bb4 {(04:
40)} 13. f3 {(06:53)} h5 {(09:12)} 14. Qb3 {(03:29)} Qe7 {
(23:25)} 15. Rfe1 {(07:42)} a5 {(00:46)} 16. a3 {(
01:33)} Nc5 {(00:40)} 17. Qc2 {(00:17)} Bxc3 {(00:10)} 18.
Qxc3 {(00:08)} Nfd7 {(00:36)} 19. Nf5 {(01:49)} Bxf5 {
(00:32)} 20. exf5 {(00:06)} O-O-O {(03:02)} 21. b4 {
(04:07)} Na6 {(01:29)} 22. b5 {(00:48)} Nac5 {(00:
39)} 23. bxc6 {(00:12)} bxc6 {(00:16)} 24. Bf4 {(01:35)}
1-0